 Dungeon Crawl Stone Soup version 0.20-a0-850-ge5a7832 (webtiles) character file.

60 Elitist the Skirmisher (level 3, -3/30 HPs)
             Began as a Demonspawn Berserker on Mar 10, 2017.
             Was a Believer of Trog.
             Slain by a gnoll
             ... wielding a +0 club
              (4 damage)
             ... on level 2 of the Dungeon.
             The game lasted 00:02:03 (1102 turns).

Elitist the Skirmisher (Demonspawn Berserker)       Turns: 1102, Time: 00:02:03

Health: -3/30      AC:  5    Str: 17    XL:     3   Next: 82%
Magic:  3/3        EV: 11    Int:  8    God:    Trog [**....]
Gold:   63         SH:  0    Dex: 13    Spells: 2/2 levels left

rFire    + . .     SeeInvis .   a - +0 mace
rCold    . . .     Gourm    .   g - +0 ring mail
rNeg     . . .     Faith    .   (no shield)
rPois    .         Spirit   .   (no helmet)
rElec    .         Reflect  .   (no cloak)
rCorr    .         Harm     .   (no gloves)
MR       .....                  (no boots)
Stlth    +.........             (no amulet)
Regen    0.1/turn               (no ring)
MPRegen  0.1/turn               k - ring of fire

@: no status effects
A: cold resistance 1, powered by death 1
a: Berserk, Trog's Hand, Burn Spellbooks, Renounce Religion


You were on level 2 of the Dungeon.
You worshipped Trog.
Trog was pleased with you.
You were not hungry.

You visited 1 branch of the dungeon, and saw 2 of its levels.

You collected 63 gold pieces.

Inventory:

Hand Weapons
 a - a +0 mace (weapon)
Missiles
 o - a throwing net (quivered)
Armour
 g - a +0 ring mail (worn)
Jewellery
 k - a ring of fire (left hand)
Scrolls
 b - 4 scrolls of identify {unknown}
 j - a scroll of enchant armour {unknown}
Potions
 d - a potion of curing {unknown}
 e - a potion of agility {unknown}
 h - a potion of ambrosia {unknown}
 i - a potion of heal wounds {unknown}
 l - a potion of mutation {unknown}
 m - a potion of might
 n - a potion of cancellation {unknown}
Comestibles
 c - a bread ration


   Skills:
 + Level 4.0 Fighting
 + Level 3.5 Maces & Flails
 - Level 1.7 Armour
 - Level 1.7 Dodging


You had 2 spell levels left.
You didn't know any spells.

Dungeon Overview and Level Annotations

Branches:
Dungeon (2/15)

Altars:
Wu Jian


Innate Abilities, Weirdness & Mutations

Your flesh is cold resistant. (rC+)
You regenerate a little health from kills.


Message History

You barely miss the gnoll.
The gnoll is moderately wounded.
The gnoll hits you from afar with a spear.
An adder comes into view.
You barely miss the gnoll.
The gnoll is moderately wounded.
The adder hisses angrily.
The gnoll hits you from afar with a spear.
The gnoll hits you with a club.
You closely miss the gnoll.
The gnoll is moderately wounded.
The gnoll barely misses you. The gnoll hits you.
The gnoll hits you with a club.
The gnoll hits you from afar with a spear!
* * * LOW HITPOINT WARNING * * *
The gnoll hits you.
* * * LOW HITPOINT WARNING * * *
A goblin comes into view. It is wielding a dagger.
The gnoll hits you with a club.
You die...

# ### .....# #.#..
.....+ #.#.##K....#
#....gg.# ###.###.#
#g..# # #..g# #..g#
#####..@############
#.......##.........#
###.##..##...#####.#
#.##..####.## #.#
#.##..###^..## #.#
#.##..##.....###.#
#.....#.......#..#
#####....._...).##
###.......#<#


You could see 3 gnolls.

Vanquished Creatures
  A gnoll (D:1)
  2 adders
  A dart slug (D:1)
  3 bats (D:1)
  3 giant cockroaches (D:1)
  3 hobgoblins (D:1)
  5 jackals (D:1)
  4 goblins (D:1)
  4 kobolds
  3 rats (D:1)
29 creatures vanquished.

Notes
Turn   | Place    | Note
-------+----------+-------------------------------------------
     0 | D:1      | Elitist the Demonspawn Berserker began the quest for the Orb.
     0 | D:1      | Reached XP level 1. HP: 18/18 MP: 1/1
   129 | D:1      | Gained mutation: Your flesh is cold resistant. (rC+) [demonic ancestry]
   129 | D:1      | Reached XP level 2. HP: 17/24 MP: 2/2
   513 | D:1      | Gained mutation: You regenerate a little health from kills. [demonic ancestry]
   513 | D:1      | Reached XP level 3. HP: 18/29 MP: 3/3
  1029 | D:2      | Found an ornate altar of the Wu Jian Council.
  1031 | D:2      | Reached ** piety under Trog
  1074 | D:2      | Reached skill level 4 in Fighting
  1096 | D:2      | HP: 1/30 [gnoll (6)]
  1102 | D:2      | Slain by a gnoll

Vault maps used:
D:1:      roderic_crop_circles_arrival_small
D:2:      lemuel_round_altar

Skill      XL: |  1  2  3 |
---------------+----------+-----
Maces & Flails | 3 |  3.5
Fighting       | 4 |  4.0
Armour         | |  1.7
Dodging        | |  1.7

Action                   || total
-------------------------++-------
Melee: Mace              ||    70
  Eat: Chunk             ||     1
Armor: Ring mail         ||    24
Dodge: Dodged            ||    39
